Unix NetHack Version 5.0.0-0 post-release - last build May  4 2026 22:22:43 (774f63e81ad911689b3a0859ea89b322d5daca8d,branch:main).

Game began 2026-05-06 04:02:05, ended 2026-05-06 04:15:51.

Gadzook, neutral male human Wizard

                       ---------
                     ##-.......|
                    ## |.......|
                    ###|.......|
               .     # |.......|                                   -----------
                     # |.......|           -------       -----#####-...>.....|
                    ## ------|--           |.....|       |...-#    |.........|
                    #        ##            |......###    |.>.|##   +.r.......|
                   ##        ##            |.....|  #    |...|#    |.@..f....|
                   #         ##            ----.--  ###  -.---#    -----------
                   #         ##             #####  ############
                   #         # ###          ##        #   #
                   #        ######         ##
                   #       -----.-.-    ----%---         .
            -----.-#       |.......+ ###|......|        ..
            |......#       |.....<.|  ##.....:.|       |.
            |.....|        |%......-##0 |......|       +.
            |......        ---------    --------       --
            -------

Gadzook the Conjurer      St:12 Dx:16 Co:12 In:18 Wi:10 Ch:10  Neutral
Dlvl:4  $:151 HP:0(27) Pw:19(33) AC:6  Xp:4/106 T:1833 

Latest messages:
 You see here a pick-axe.
 You see here a lock pick.
 Q - a lock pick.
 You swap places with Patch.
 You see here 9 rocks.
 Where do you want to travel to?
 (For instructions type a '?')
 Where do you want to travel to?
 (For instructions type a '?')
 Something is written here in the dust.
 You read: "E|be?et".
 Where do you want to travel to?
 (For instructions type a '?')
 You climb up the stairs.
 You find a hidden door.
 The door opens.
 Pick a monster, object or location.
 In what direction?
 The spell hits the garter snake.
 The garter snake hisses!
 Patch misses the acid blob.
 Patch bites the acid blob.
 Patch is splashed by the acid blob's acid!
 Patch misses the acid blob.
 Patch bites the acid blob.
 The acid blob is killed!
 The garter snake misses!
 You kill the garter snake!
 You swap places with Patch.
 You see here an acid blob corpse.
 There is an acid blob corpse here; eat it? [ynq] (n)
 You have a very bad case of stomach acid.
 You finish eating the acid blob corpse.
 You feel less concerned about becoming petrified.
 R - a scroll labeled FOOBIE BLETCH.
 You see here a food ration.
 You learn more about your items by comparing them.
 x - an uncursed food ration (2 in total).
 You hit the rabid rat!
 The rabid rat bites!
 In what direction?
 The spell misses the rabid rat.
 The rabid rat bites!
 You sense the presence of monsters.
 (For instructions type a '?')
 The rabid rat bites!
 You die...
 Do you want your possessions identified? [ynq] (y)
 Do you want to see your attributes? [ynq] (y)
 Do you want an account of creatures vanquished? [ynaq] (y)

Inventory:
 Coins    ('$')
  $ - 151 gold pieces
 Weapons  (')')
  t - a +0 orcish dagger
  a - a blessed +1 quarterstaff (weapon in hands)
 Armor    ('[')
  u - an uncursed +0 orcish helm (being worn)
  O - an uncursed +0 pair of iron shoes
  H - an uncursed +0 cloak of magic resistance (being worn)
  y - an uncursed +0 leather armor (being worn)
 Comestibles  ('%')
  I - an uncursed slime mold
  L - an uncursed cram ration
  x - 2 uncursed food rations
  v - 3 uncursed lichen corpses
 Scrolls  ('?')
  j - an uncursed scroll of destroy armor
  z - an uncursed scroll of fire
  R - an uncursed scroll of identify
  G - a cursed scroll of magic mapping
  i - an uncursed scroll of teleportation
 Spellbooks  ('+')
  N - a blessed spellbook of magic missile
 Potions  ('!')
  f - a blessed potion of booze
  g - an uncursed potion of extra healing
  E - an uncursed potion of healing
  w - a cursed potion of see invisible
  h - an uncursed potion of sickness
 Rings    ('=')
  e - an uncursed ring of conflict
  d - an uncursed ring of teleport control
 Wands    ('/')
  M - a wand of opening (0:5)
 Tools    ('(')
  Q - an uncursed lock pick
  n - a magic marker (0:21)

Gadzook the Wizard's attributes:

Background:
 You were a Conjurer, a level 4 male human Wizard.
 You were neutral, on a mission for Thoth
 who was opposed by Ptah (lawful) and Anhur (chaotic).
 You were right-handed.
 You were in the Dungeons of Doom, on level 4.
 You entered the dungeon 1833 turns ago.
 It was nighttime.
 You had 106 experience points, 54 more were needed to attain level 5.

Basics:
 You had 0 out of 27 hit points.
 You had 19 out of 33 energy points (spell power).
 Your armor class was 6.
 Your wallet contained 151 zorkmids.
 Autopickup was on for '$?!/="+' plus thrown, with exceptions.

Final Characteristics:
 Your strength was 12 (limit:18/100).
 Your dexterity was 16 (limit:18).
 Your constitution was 12 (limit:18).
 Your intelligence was 18 (limit:18).
 Your wisdom was 10 (limit:18).
 Your charisma was 10 (limit:18).

Final Status:
 You weren't hungry.
 You were unencumbered.
 You were wielding a quarterstaff.
 You had basic skill with quarterstaff.

Final Attributes:
 You were stridently aligned.
 You were magic-protected.
 You were temporarily petrification resistant.
 You were warded.
 You are dead.

Miscellaneous:
 You didn't encounter any bones levels.
 Total elapsed playing time was 13 minutes and 46 seconds.

Major events:
 Turn
    1: Gadzook the neutral male human Wizard entered the dungeon
 1147: attained the rank of Conjurer (level 3)
 1578: entered the Gnomish Mines
 1833: killed by a rabid rat

Spells:
 Name                 Level Category     Fail Retention
 force bolt             1   attack         0%  91%-100%
 detect monsters        1   divination     0%  76%-100%
 detect food            2   divination    57%  76%-100%
 chain lightning        2   attack         0%  91%-100%
 cure sickness          3   healing       87%  76%-100%
 magic missile          2   attack         0%  91%-100%

Skills:
 Fighting Skills
   bare handed combat [Unskilled]
   riding             [Unskilled]
 Weapon Skills
   dagger             [Unskilled]
   knife              [Unskilled]
   axe                [Unskilled]
   short sword        [Unskilled]
   club               [Unskilled]
   mace               [Unskilled]
   quarterstaff       [Basic]
   polearms           [Unskilled]
   spear              [Unskilled]
   trident            [Unskilled]
   sling              [Unskilled]
   dart               [Unskilled]
   shuriken           [Unskilled]
 Spellcasting Skills
   attack spells      [Basic]
   healing spells     [Unskilled]
   divination spells  [Unskilled]
   enchantment spells [Basic]
   clerical spells    [Unskilled]
   escape spells      [Unskilled]
   matter spells      [Unskilled]

Voluntary challenges:
 Character rerolling was not enabled.
 You never genocided any monsters.
 You never changed form.
 You used no wishes.
Achievements:
 You attained the rank of Conjurer.
 You entered the Gnomish Mines.

 The Dungeons of Doom: levels 1 to 4
    Level 1:
       Some fountains.
    Level 2:
    Level 3:
       Many altars, many fountains.
    Level 4: <- You were here.
       Stairs down to The Gnomish Mines.
       Final resting place for
          you, killed by a rabid rat.
 The Gnomish Mines:
    Level 5:


Vanquished creatures:
  a gnome leader
  2 dwarves
  2 dwarf zombies
  a werejackal
 an acid blob
  a gas spore
  2 hobbits
  4 gnomes
  a garter snake
  a gecko
  6 jackals
  a kobold
  3 goblins
  5 grid bugs
  5 lichens
  2 kobold zombies
  4 newts
42 creatures vanquished.

No species were genocided or became extinct.

Game over:
                       ----------
                      /          \
                     /    REST    \
                    /      IN      \
                   /     PEACE      \
                  /                  \
                  |     Gadzook      |
                  |      151 Au      |
                  |   killed by a    |
                  |    rabid rat     |
                  |                  |
                  |                  |
                  |       2026       |
                 *|     *  *  *      | *
        _________)/\\_//(\/(/\)/\//\/|_)_______

Goodbye Gadzook the Wizard...

You died in The Dungeons of Doom on dungeon level 4 with 760 points,
and 151 pieces of gold, after 1833 moves.
You were level 4 with a maximum of 27 hit points when you died.

